Map: Vaani Research Station (Void)

Players

Musumeci

  • Race: Zerg Zerg
  • League: Diamond
  • Spawn Location: 12:00

eiki - Winner!

  • Race: Zerg Zerg
  • League: Diamond
  • Spawn Location: 6:00

VOD

Have the link to the VOD?

Description

Time

  • Played on: Jan. 8, 2017, 8:34 a.m.
  • Length: 4:54
Show
View Real Time Build Order
Export as new Build Order

Musumeci Zerg 

Build Orders: Hatch First 

Get SALT Encoding   

  12  0:01  Drone  
  13  0:08  Drone  
  14  0:18  Overlord  
  14  0:36  Drone  
  14  0:37  Drone x2  
  17  0:55  Hatchery  
  16  0:59  Drone  
  17  1:05  Extractor  
  17  1:07  Drone  
  17  1:20  Spawning Pool  
  16  1:31  Drone x2  
  16  1:32  Drone  
  19  1:42  Drone  
  20  2:07  Spine Crawler  
  20  2:08  Zergling x4  
  21  2:10  Metabolic Boost  
  21  2:11  Zergling x2  
  22  2:26  Spine Crawler, Zergling x6  
  24  2:31  Queen  
  25  2:53  Evolution Chamber  
  25  2:58  Drone x4  
  26  3:11  Queen  
  28  3:36  Overlord x3  
  27  3:51  Baneling Nest  
  26  3:59  Zergling x8  
  30  4:14  Zergling x8  
Show
View Real Time Build Order
Export as new Build Order

eiki Zerg - Winner!

Build Orders: Pool First, Zergling Baneling 

Get SALT Encoding   

  12  0:01  Drone  
  13  0:09  Drone  
  14  0:22  Overlord  
  14  0:40  Drone x3  
  17  0:49  Spawning Pool  
  16  0:52  Drone, Extractor  
  16  1:13  Hatchery  
  15  1:21  Drone x2  
  17  1:35  Queen  
  17  1:37  Zergling x2  
  20  1:46  Overlord  
  20  1:55  Drone  
  20  1:57  Metabolic Boost  
  21  2:10  Drone x2  
  21  2:15  Queen  
  25  2:24  Baneling Nest  
  25  2:27  Drone  
  24  2:48  Zergling x2  
  24  2:49  Zergling x2  
  26  3:06  Zergling x6  
  27  3:15  Queen  
  29  3:23  Zergling x2  
  29  3:24  Zergling x12  
  29  3:26  Overlord  
  34  3:47  Drone x2  
  36  3:52  Zergling x6  
  36  3:53  Zergling x4  
  41  4:07  Baneling x2  
  41  4:08  Baneling x8  
  41  4:09  Baneling  
  41  4:10  Zergling x2  
  41  4:11  Zergling x4  
Tags
 
Add a new tag
Caveats
  • Supply blocks, unpowered buildings, or Contaminate may cause inaccurate times.
  • Supply counts are checked every 10 seconds.